 Dungeon Crawl Stone Soup version 0.21-b1-21-g86478ac (webtiles) character file.

14 shaad the Grave Robber (level 2, -3/20 HPs)
             Began as a Ghoul Necromancer on Jan 5, 2018.
             Slain by a gnoll (4 damage)
             ... on level 1 of the Dungeon.
             The game lasted 00:26:16 (507 turns).

shaad the Grave Robber (Ghoul Necromancer)           Turns: 507, Time: 00:26:17

Health: -3/20      AC:  2    Str: 11    XL:     2   Next: 41%
Magic:  3/3        EV: 12    Int: 10    God:
Gold:   11         SH:  0    Dex:  9    Spells: 3/4 levels left

rFire    + . .     SeeInvis .   (no weapon)
rCold    + . .     Gourm    .   (no shield)
rNeg     + + +     Faith    .   a - +0 robe
rPois    ∞         Spirit   .   (no helmet)
rElec    .         Reflect  .   (no cloak)
rCorr    .         Harm     .   (no gloves)
MR       .....                  (no boots)
Stlth    ++........             (no amulet)
HPRegen  0.00/turn              e - ring of protection from fire
MPRegen  0.08/turn              (no ring)

@: rotting
A: rotting body, claws 1, carnivore, cold resistance 1, negative energy
resistance 3, inhibited regeneration, torment resistance, unbreathing
a: no special abilities


You were on level 1 of the Dungeon.
You were not hungry.

You visited 1 branch of the dungeon, and saw 1 of its levels.

You collected 11 gold pieces.

Inventory:

Hand Weapons
 g - a +0 club
 h - a +0 dagger (quivered)
 j - a +0 club
 k - a +0 short sword
Missiles
 f - 35 arrows
 l - 21 bolts
Armour
 a - a +0 robe (worn)
Jewellery
 e - a ring of protection from fire (left claw)
Scrolls
 d - a scroll of blinking {unknown}
Potions
 i - a potion of curing {unknown}
Books
 b - a book of Necromancy

   Spells                             Type                      Level
   a - Pain                           Necromancy                   1
   b - Animate Skeleton               Necromancy                   1
   c - Vampiric Draining              Necromancy                   3
   d - Regeneration                   Charms/Necromancy            3
   e - Animate Dead                   Necromancy                   4
   f - Borgnjor's Vile Clutch         Necromancy/Earth             5
Comestibles
 c - 2 rations


   Skills:
 + Level 1.8 Dodging
 + Level 2.1 Stealth
 + Level 0.4 Unarmed Combat
 + Level 1.8 Spellcasting
 + Level 4.4 Necromancy


You had 3 spell levels left.
You knew the following spells:

 Your Spells              Type           Power        Failure   Level  Hunger
a - Pain                  Necr           #...         4%          1    ##.....


Dungeon Overview and Level Annotations

Branches:
Dungeon (1/15)

Altars:


Innate Abilities, Weirdness & Mutations

Your body is rotting away.
You thrive on raw meat.
You are immune to poison.
You have sharp fingernails.
You are carnivorous and can eat meat at any time.
Your flesh is cold resistant. (rC+)
You are immune to negative energy. (rN+++)
You do not regenerate when monsters are visible.
You are immune to unholy pain and torment.
You can survive without breathing.


Message History

Found a scroll labeled ASHREKK SISIAT.
The goblin shouts!
You scratch the gnoll.
The gnoll is moderately wounded.
The gnoll hits you.
You barely miss the gnoll.
The gnoll is moderately wounded.
The gnoll hits you.
* * * LOW HITPOINT WARNING * * *
You barely miss the gnoll.
The gnoll is moderately wounded.
The gnoll hits you.
* * * LOW HITPOINT WARNING * * *
You closely miss the gnoll.
The gnoll is moderately wounded.
The gnoll barely misses you.
You barely miss the gnoll.
The gnoll is moderately wounded.
The gnoll hits you.
You die...

##.#.# #.# #.# #..# #
##.#.####. .## #..# #
##......... ... ...# #
#.......... #.# .. #
#....###### ##.# .# #
#...## .?. .# ## ###
###.#### #.# #.#
...#####.. .......###
##.##.##.?##.#........
...⌠.....#
#$...@gg.......######.
.⌠...⌠..##
##.##.#g.........####.
.....(.##
....#.#...............
#..⌠..##
#......♣♣♣...♣♣♣...♣
##...## #.#...♣# .♣
#♣.♣ ##...#### #.##..♣
♣ ♣♣ ...<....#### #
##.♣# ♣ ..........?.
#..♣♣♣... ⌠.....⌠....⌠
#........


You could see a gnoll, a hobgoblin and a goblin.

Vanquished Creatures
  A bat (D:1)
  2 giant cockroaches (D:1)
  A goblin (D:1)
  A hobgoblin (D:1)
  2 kobolds (D:1)
  A frilled lizard (D:1)
  5 rats (D:1)
13 creatures vanquished.

Notes
Turn   | Place    | Note
-------+----------+-------------------------------------------
     0 | D:1      | shaad the Ghoul Necromancer began the quest for the Orb.
     0 | D:1      | Reached XP level 1. HP: 14/14 MP: 2/2
   360 | D:1      | Reached XP level 2. HP: 5/20 MP: 1/3
   505 | D:1      | HP: 1/20 [gnoll (4)]
   507 | D:1      | Slain by a gnoll

Action                   || total
-------------------------++-------
Melee: Unarmed           ||    33
 Cast: Pain              ||    11
Armor: Robe              ||     5
Dodge: Dodged            ||    14
